Map: Backcountry

Players

brotherdoo

  • Race: Terran Terran
  • Spawn Location: 5:00

IsusHristos

  • Race: Terran Terran
  • League: Silver
  • Spawn Location: 5:00

Valo

  • Race: Terran Terran
  • Spawn Location: 5:00

JohnMcClane - Winner!

  • Race: Protoss Protoss
  • League: Silver
  • Spawn Location: 11:00

JackONeill - Winner!

  • Race: Zerg Zerg
  • Spawn Location: 11:00

Hindulaatti - Winner!

  • Race: Terran Terran
  • League: Diamond
  • Spawn Location: 9:00

VOD

Have the link to the VOD?

Description

Time

  • Played on: Jan. 18, 2016, 12:30 p.m.
  • Length: 5:08
Show
View Real Time Build Order
Export as new Build Order

brotherdoo Terran 

Build Orders:  

Get SALT Encoding   

  12  0:08  SCV  
  13  0:20  SCV  
  14  0:31  Supply Depot  
  14  0:32  SCV  
  15  0:52  SCV  
  15  0:54  Barracks  
  16  0:58  Barracks  
  16  1:04  SCV  
  17  1:16  SCV  
  18  1:29  SCV  
  19  1:41  SCV  
  21  1:53  SCV  
  18  2:15  Marine  
  18  2:16  Marine  
  20  2:34  Marine x2  
  22  2:48  Orbital Command  
  21  2:51  Refinery  
  21  2:52  Refinery, Marine x2  
  21  2:54  Supply Depot  
  20  3:32  Bunker  
  18  3:42  Marine x2  
Show
View Real Time Build Order
Export as new Build Order

IsusHristos Terran 

Build Orders: Command Center First (CC) 

Get SALT Encoding   

  12  0:19  SCV  
  13  0:31  SCV  
  14  0:45  Supply Depot  
  14  0:53  SCV  
  15  1:07  Command Center  
  15  1:11  Supply Depot  
  15  1:17  SCV  
  16  1:29  SCV  
  17  1:41  SCV  
  18  1:53  SCV  
  18  2:02  Barracks  
  18  2:05  SCV  
  19  2:17  SCV  
  20  2:28  SCV  
  20  2:29  SCV  
  22  2:34  Refinery  
  22  2:40  SCV  
  22  2:42  SCV  
  24  2:49  Refinery  
  24  2:53  SCV  
  24  2:54  SCV  
  26  3:01  Bunker  
  26  3:06  SCV  
  26  3:10  Orbital Command  
  27  3:54  Factory  
  27  3:59  SCV  
  28  4:11  SCV  
  28  4:23  SCV  
  29  4:35  SCV  
  15  4:45  Factory Reactor  
  15  4:47  SCV  
  16  4:53  Factory  
Show
View Real Time Build Order
Export as new Build Order

Valo Terran 

Build Orders:  

Get SALT Encoding   

  12  0:01  SCV  
  13  0:14  SCV  
  14  0:18  Supply Depot  
  14  0:26  SCV  
  15  0:40  SCV  
  15  0:41  Barracks  
  16  0:44  Refinery  
  16  0:52  SCV  
  17  1:04  SCV  
  18  1:16  SCV  
  19  1:30  Orbital Command  
  19  1:35  Marine  
  20  1:43  Command Center  
  20  1:53  Marine  
  21  2:11  Marine  
  21  2:12  SCV  
  23  2:29  Barracks  
  23  2:30  Refinery  
  23  2:31  Barracks  
  23  2:36  Supply Depot  
  23  2:55  Barracks Reactor  
  23  3:02  SCV  
  23  3:04  Orbital Command  
  24  3:14  SCV  
  24  3:15  Supply Depot  
  24  3:17  Barracks Tech Lab  
  24  3:18  Barracks Tech Lab  
  25  3:26  SCV  
  26  3:28  Supply Depot  
  26  3:35  Marine x2  
  26  3:36  Marauder x2  
  26  3:38  SCV  
  33  3:45  Combat Shields  
  33  3:50  SCV  
  34  3:58  Marine x2  
  34  3:59  Marauder  
  34  4:01  Marauder  
  40  4:03  SCV  
  41  4:13  SCV  
  41  4:15  SCV  
  43  4:17  Supply Depot, Marine x2  
  43  4:25  SCV  
  44  4:43  Marine  
  44  4:44  Marauder x2, Marine  
  46  4:51  SCV  
  46  4:52  SCV  
  42  4:56  Refinery  
  42  4:57  Refinery  
Show
View Real Time Build Order
Export as new Build Order

JohnMcClane Protoss - Winner!

Build Orders: Cannon Rush 

Get SALT Encoding   

  12  0:01  Probe (Chrono Boost)  
  13  0:11  Probe (Chrono Boost)  
  14  0:21  Pylon  
  14  0:24  Probe (Chrono Boost)  
  15  0:39  Probe (Chrono Boost)  
  15  0:41  Forge  
  16  0:54  Pylon  
  16  0:58  Probe (Chrono Boost)  
  17  1:11  Probe (Chrono Boost)  
  17  1:17  Photon Cannon  
  18  1:20  Photon Cannon  
  18  1:22  Pylon  
  18  1:30  Pylon  
  18  1:40  Photon Cannon  
  18  1:50  Probe (Chrono Boost)  
  19  1:59  Photon Cannon  
  19  2:01  Probe (Chrono Boost)  
  20  2:03  Pylon  
  20  2:14  Probe (Chrono Boost)  
  20  2:15  Photon Cannon  
  20  2:23  Photon Cannon  
  20  2:25  Probe (Chrono Boost)  
  21  2:31  Assimilator  
  21  2:35  Probe (Chrono Boost), Gateway  
  22  2:37  Photon Cannon  
  22  2:46  Probe (Chrono Boost)  
  23  2:56  Probe (Chrono Boost)  
  24  3:02  Pylon  
  24  3:07  Probe (Chrono Boost)  
  25  3:14  Assimilator  
  25  3:17  Probe (Chrono Boost)  
  26  3:28  Nexus  
  26  3:30  Pylon  
  26  3:39  Nexus  
  26  3:50  Cybernetics Core  
  26  4:10  Probe (Chrono Boost)  
  26  4:13  Photon Cannon  
  27  4:21  Probe (Chrono Boost)  
  28  4:27  Pylon  
  28  4:29  Assimilator  
  28  4:32  Mothership Core (Chrono Boost)  
  28  4:35  Assimilator  
  30  4:44  Gateway  
  30  4:49  Probe (Chrono Boost)  
Show
View Real Time Build Order
Export as new Build Order

JackONeill Zerg - Winner!

Build Orders: Hatch First, Zergling Baneling 

Get SALT Encoding   

  12  0:01  Drone  
  13  0:08  Drone  
  14  0:16  Overlord  
  14  0:25  Drone, Extractor  
  15  0:35  Drone x2  
  17  0:56  Hatchery  
  16  1:00  Drone  
  17  1:05  Extractor  
  16  1:14  Spawning Pool  
  16  1:16  Drone  
  16  1:23  Drone  
  16  1:24  Drone  
  18  1:31  Drone  
  19  1:50  Overlord  
  19  1:51  Drone  
  20  2:00  Queen  
  22  2:07  Metabolic Boost  
  22  2:08  Queen  
  24  2:18  Zergling x6  
  27  2:28  Baneling Nest  
  27  2:30  Drone  
  27  2:31  Drone  
  27  2:34  Drone  
  29  2:41  Drone x2  
  31  2:44  Drone  
  31  2:51  Overlord  
  32  3:06  Zergling x2  
  32  3:07  Zergling x4  
  35  3:20  Zergling x4  
  35  3:21  Zergling x8  
  41  3:30  Baneling x3  
  41  3:31  Baneling x3  
  41  3:32  Zergling x6  
  44  3:39  Overlord  
  41  4:03  Zergling x6  
  41  4:04  Zergling x10  
  41  4:05  Zergling x2  
  50  4:21  Extractor  
  47  4:44  Baneling x3  
  43  4:46  Zergling x6  
Show
View Real Time Build Order
Export as new Build Order

Hindulaatti Terran - Winner!

Build Orders:  

Get SALT Encoding   

  12  0:01  SCV  
  13  0:13  SCV  
  14  0:22  Supply Depot  
  14  0:26  SCV  
  15  0:43  SCV  
  15  0:45  Barracks  
  16  0:55  SCV  
  16  0:56  Refinery  
  17  1:07  SCV  
  18  1:20  SCV  
  19  1:32  Orbital Command  
  19  1:33  Marine  
  19  1:34  Supply Depot  
  20  1:51  Command Center  
  20  1:54  Marine  
  21  2:08  SCV  
  22  2:18  Marine  
  22  2:22  Factory, SCV  
  24  2:35  SCV  
  25  2:41  Barracks Tech Lab  
  25  2:47  Supply Depot, SCV  
  26  2:59  SCV  
  26  3:01  Stimpack  
  26  3:03  Command Center  
  27  3:09  Marine  
  27  3:11  SCV  
  29  3:24  Starport  
  29  3:30  SCV  
  29  3:33  Factory Tech Lab  
  30  3:35  Marine  
  31  3:42  SCV  
  31  3:45  Orbital Command  
  32  3:53  Marine  
  33  3:57  Refinery, SCV  
  33  3:59  Refinery  
  33  4:02  Starport Reactor  
  35  4:10  SCV  
  35  4:11  Marine  
  35  4:15  SCV, Barracks  
  35  4:16  Barracks  
  37  4:22  SCV  
  38  4:27  SCV  
  38  4:29  Refinery  
  39  4:33  Siege Tank  
  39  4:34  SCV  
  39  4:38  Marauder  
  45  4:39  SCV  
  45  4:42  Orbital Command  
  46  4:46  SCV  
  46  4:51  SCV  
  55  5:04  Barracks Tech Lab  
  55  5:06  Barracks Reactor  
Tags
 
Add a new tag
Caveats
  • Supply blocks, unpowered buildings, or Contaminate may cause inaccurate times.
  • Supply counts are checked every 10 seconds.